Workbook

Sheet I & E accounts
A2: Langside Sports Club SC049764 Income and Expenditure accounts
A5: Period : 1st January 2025 - 31st December 2025
A7: Statement of income and expenditure
C8: Total funds current period | E8: Total funds last period (2024)
A9: Income
A10: Membership | C10: 53246.58 | E10: 49968.56
A11: Funding | C11: 3789.94 | E11: 31390.78
A12: Facilities Hire | C12: 18937.5 | E12: 18914.8
A13: Langside Rest Ltd (in arrears) | C13: 24000 | E13: 20000
A14: Loan | C14: - | E14: 2948.4
A15: Other activities | C15: 7717.15 | E15: 11263.46
A17: Total Income | C17: =SUM(C10:C15) -> 107691.17 | E17: =SUM(E10:E15) -> 134486
A18: Total Trading Income (excluding Funding and Loan) | C18: =C10+C12+C13+C15 -> 103901.23 | E18: =E10+E12+E13+E15 -> 100146.82
A20: Expenditure
A21: Trading Payments | C21: -47780.4 | E21: -37616.7
A22: Funding | C22: -4531.2 | E22: -71974.24
A23: Grounds Maintenance | C23: -34311.47 | E23: -31213.16
A24: Loan | C24: -368.4 | E24: -154.7
A25: Other activities | C25: -10846.03 | E25: -7071.02
A27: Purchases of fixtures and fittings | E27: -2898
A29: Total Expenditure | C29: =SUM(C21:C28) -> -97837.5 | E29: =SUM(E21:E28) -> -150927.82
A30: Total Trading Expenditure (excluding Funding and Loan) | C30: =C21+C23+C25+C27 -> -92937.9 | E30: =E21+E23+E25+E27 -> -78798.88
A32: Surplus / (Deficit) | C32: =C17+C29 -> 9853.67 | E32: =E17+E29 -> -16441.82
A33: Trading Surplus / (Deficit) | C33: =SUM(C18+C30) -> 10963.33 | E33: =SUM(E18+E30) -> 21347.94
A35: Income (due) | C35: 3758.65 | E35: 760
A36: Expenditure (to pay) | C36: - | E36: -168
A41: Name: | C41: Sana Akram CA
A45: Date: | C45: 46335

Sheet I & E notes
A1: Income and Expenditure - Notes to the Accounts
A3: Income | D3: Notes
A4: Membership | C4: 53246.58 | D4: £54,674.65 in total in LoveAdmin - platform transaction charges deducted
A5: Funding | C5: 3789.94 | D5: GCC Culture and Sport - Summer of Fun, Glasgow City Council Langside Area Committee
A6: Facilities Hire | C6: ='I & E accounts'!C12 -> 18937.5 | D6: User group and function hire
A7: Langside Rest Ltd | C7: ='I & E accounts'!C13 -> 24000 | D7: Rent
A8: Other activities | C8: ='I & E accounts'!C15 -> 7717.15 | D8: BIO Group, tennis floodlight payments, sporting activity surplus 2024, Easyfundraising, reimbursements
A10: Total Income | C10: =SUM(C4:C8) -> 107691.17
A12: Expenditure
A13: Trading Payments | C13: -15242.03 | D13: Membership reimbursements, governance, buildings - maintenance and repairs, cleaning (not including utilities)
A14: Funding | C14: -4531.2 | D14: GCC Culture and Sport - Summer of Fun, GCC Culture and Sport - Sporting Activity, Glasgow City Council Langside Area Committee
A15: Utilities | C15: -32538.37 | D15: Repaying burst water pipe amount from 2024
A16: Grounds Maintenance | C16: ='I & E accounts'!C23 -> -34311.47
A17: Loan | C17: -368.4 | D17: Energy Savings trust - repayment
A18: Other activities | C18: -10047.43 | D18: BIO Group, sporting activity budgets, miscellaneous
A20: Purchases of fixtures and fittings | C20: -798.6 | D20: honours board
A22: Total Expenditure | C22: =SUM(C13:C21) -> -97837.5
A24: Income (outstanding) | C24: 3958.65 | D24: Facilities hire, LCC reimbursement, Hogmanay party expenditure from LR
A25: Expenditure (to pay) | C25: - | D25: None

Sheet Statement of balances
A4: Langside Sports Club SC049764 Statement of balances
A7: Period : 1st January 2025 - 31st December 2025
A10: Statement of balances - current account
C11: Total funds current period | E11: Total funds last period (2024)
A12: Cash and bank balance @ 01.01.2025 | C12: 23296.17 | E12: 48737.99
A13: Surplus / (Deficit) | C13: ='I & E accounts'!C32 -> 9853.67 | E13: ='I & E accounts'!E32 -> -16441.82
A14: To reserve account | C14: -9000 | E14: -9000
A15: Cash and bank balance @ 31.12.2025 | C15: =C12+C13+C14 -> 24149.84 | E15: =E12+E13+E14 -> 23296.17
A17: Statement of balances - reserve account
C18: Total funds current period | E18: Total funds last period (2024)
A19: Bank balance @ 01.01.2025 | C19: =E22 -> 28609.33 | E19: 19213.79
A20: To reserve account | C20: 9000 | E20: 9000
A21: Interest | C21: 380.52 | E21: 395.54
A22: Bank balance @ 31.12.2025 | C22: =C19+C20+C21 -> 37989.85 | E22: =E19+E20+E21 -> 28609.33
A24: Note - £712.44 outstanding for SLF - security

Sheet Consolidated accounts
B1: Langside Sports Club SC049764 Consolidated accounts
A4: Period : 1st January 2025 - 31st December 2025
C6: LSC | E6: Bowls | G6: Cricket | I6: Football | K6: Tennis
A7: Bank balance @ 01.01.2025 | C7: 23296.17 | E7: 1772.66 | G7: 46 | I7: 0 | K7: 7747.33
A8: Surplus / (Deficit) | C8: ='I & E accounts'!C32 -> 9853.67 | E8: ='Bowls accounts'!C32 -> -667.59 | G8: ='Cricket accounts'!C28+'Cricket accounts'!C34 -> 1984.79 | I8: 2496.95 | K8: ='Tennis accounts'!C26 -> 1476.86
A9: To reserve account | C9: -9000 | E9: - | G9: - | I9: - | K9: -
A10: To LSC | C10: - | E10: - | G10: - | I10: - | K10: ='Tennis accounts'!C32 -> -2744.83
A11: Bank balance @ 31.12.2025 | C11: =C7+C8+C9 -> 24149.84 | E11: =E7+E8 -> 1105.07 | G11: =G7+G8 -> 2030.79 | I11: =I7+I8 -> 2496.95 | K11: =K7+K8+K10 -> 6479.36
A13: Cash balance @ 01.01.2025 | C13: - | E13: 0 | G13: - | I13: - | K13: -
A14: Surplus / (Deficit) | C14: - | E14: ='Bowls accounts'!E38 -> 0 | G14: - | I14: - | K14: -
A15: Cash balance @ 31.01.2025 | C15: - | E15: 0 | G15: - | I15: - | K15: -
A17: Reserve balance @ 31.12.25 | C17: ='Statement of balances'!C22 -> 37989.85
A19: Total Funds (LSC) | C19: =C11+E11+G11+I11+K11+E15+C17 -> 74251.86

Sheet Bowls accounts
A2: Langside Bowling Club Income and Expenditure accounts
A5: Period : 1st January 2025 - 31st December 2025
A8: Statement of income and expenditure
C9: Bank | E9: Cash
A10: Income
A11: From LBC bank account | E11: 780
A12: Competition and raffles | C12: 2289 | E12: 2299
A13: Donations | C13: 180
A14: Thornton Bus | E14: 210
A15: Grand Raffle | C15: 500 | E15: 350
A16: Miscellaneous | C16: 40 | E16: 80
A18: Total Income | C18: =SUM(C11:C16) -> 3009 | E18: =E11+E12+E14+E13+E15+E16 -> 3719
A20: Expenditure
A21: Cash Box | C21: -780
A22: To bank | E22: -2819
A23: Capitation fees | C23: -515.6 | E23: -100
A24: Catering / Hospitality | C24: -1369.28 | E24: -200
A25: Donations | C25: -300
A26: Trophy engraving | C26: -470.25
A27: Thornton Bus | E27: -550
A28: Miscellaneous | C28: -241.46 | E28: -50
A30: Total Expenditure | C30: =SUM(C21:C28) -> -3676.59 | E30: =SUM(E22:E28) -> -3719
A32: Surplus / (Deficit) | C32: =C18+C30 -> -667.59 | E32: =E18+E30 -> 0
A35: Statement of balances - bank account and cash box
C36: Bank | E36: Cash
A37: Balance @ 01.01.2025 | C37: 1772.66 | E37: 0
A38: Surplus / (Deficit) | C38: =C32 -> -667.59 | E38: =E32 -> 0
A39: Balance @ 31.12.2025 | C39: =C37+C38 -> 1105.07 | E39: =E37+E38 -> 0

Sheet Cricket accounts
A2: Langside Cricket Club Income and Expenditure accounts
A5: Period : 1st January 2025 - 31st December 2025
A8: Statement of income and expenditure
C9: Total funds current period
A10: Income
A11: LSC Budget | C11: 4462
A12: Sponsorship (£300 banked to the old account) | C12: 980
A13: Fundraising | C13: 838
A14: Junior Funding (GCC) | C14: 4504.97
A15: Ringfenced for kit | C15: 65
A17: Total Income | C17: =SUM(C11:C15) -> 10849.97
A19: Expenditure
A20: Competition Fees | C20: -1190
A21: Coaching | C21: -4570
A22: Junior Coaching | C22: -217.91
A23: Junior Funding Refunds (GCC) | C23: -3000
A24: Miscellaneous | C24: -209.27
A26: Total Expenditure | C26: =SUM(C20:C24) -> -9187.18
A28: Surplus / (Deficit) | C28: =C17+C26 -> 1662.79
A30: Statement of balances
C31: Total funds current period
A32: Balance @ 01.01.2025 | C32: 46
A33: Surplus / (Deficit) | C33: =C28 -> 1662.79
A34: Coaching (paid from another account) | C34: 322
A35: Balance @ 31.12.2025 | C35: =C32+C33+C34 -> 2030.79
A36: Income (due) | C36: 760
A37: Expenditure (to pay) | C37: -1737

Sheet Football accounts
A2: Langside Football Club Income and Expenditure accounts
A5: Period : 1st January 2025 - 31st December 2025
A8: Statement of income and expenditure
C9: Total funds current period
A10: Income
A11: Fundraising | C11: 685
A12: Sponsorship | C12: 750
A13: Sales | C13: 373
A14: Match play | C14: 724.95
A16: Total Income | C16: =SUM(C11:C14) -> 2532.95
A18: Expenditure
A19: Refunds | C19: -36
A21: Total Expenditure | C21: =SUM(C19) -> -36
A23: Surplus / (Deficit) | C23: =C16+C21 -> 2496.95
A25: Statement of balances
C26: Total funds current period
A27: Balance @ 01.01.2025 | C27: 0
A28: Surplus / (Deficit) | C28: =C23 -> 2496.95
A29: Balance @ 31.12.2025 | C29: =C27+C28 -> 2496.95

Sheet Tennis accounts
A2: Langside Tennis Club Income and Expenditure accounts
A5: Period : 1st January 2025 - 31st December 2025
A8: Statement of income and expenditure
C9: Total funds current period
A10: Income
A11: Coaching | C11: 32764.08
A12: Floodlights | C12: 821
A13: Fundraising | C13: 53.04
A15: Total Income | C15: =SUM(C11:C13) -> 33638.12
A17: Expenditure
A18: Tennis West of Scotland | C18: -3576
A19: Coaching | C19: -23046.9
A20: Floodlights | C20: -1725
A21: Equipment | C21: -1654.38
A22: Miscellaneous | C22: -2158.98
A24: Total Expenditure | C24: =SUM(C18:C22) -> -32161.26
A26: Surplus / (Deficit) | C26: =C15+C24 -> 1476.86
A28: Statement of balances
C29: Total funds current period
A30: Balance @ 01.01.2025 | C30: 7747.33
A31: Surplus / (Deficit) | C31: =C26 -> 1476.86
A32: To LSC | C32: -2744.83
A33: Balance @ 31.12.2025 | C33: =C30+C31+C32 -> 6479.36
